PBL
NIAGARA FALLS PHANTOMS @ LONDON MAJORS
08/30/2048
 
TOP OF THE 1ST
Niagara Falls Phantoms batting - Pitching for London Majors : LHP Raul Pimentel
Pitching: LHP Raul Pimentel
Batting: RHB Alfredo Mendez 0-0: Ball
1-0: Ball
2-0: Ball
3-0: Base on Balls
Batting: SHB Bruce Shelton 0-0: Ball
Alfredo Mendez steals 2nd base
1-0: Ball
2-0: Called Strike
2-1: Foul Ball, location: 2F
2-2: Ground out 6-3 (Groundball, 6, EV 86.2 MPH)
Alfredo Mendez to third
Batting: RHB Jonathan Feldstein 0-0: Ball
1-0: Swinging Strike
1-1: Swinging Strike
1-2: Strikes out looking
Batting: RHB Scott Cuff 0-0: Called Strike
0-1: Ground out 4-3 (Groundball, 4D, EV 88.8 MPH)
Top of the 1st over - 0 runs, 0 hits, 0 errors, 1 left on base; Niagara Falls 0 - London 0
BOTTOM OF THE 1ST
London Majors batting - Pitching for Niagara Falls Phantoms : RHP Toshikazu Miyahara
Pitching: RHP Toshikazu Miyahara
Batting: LHB Edwin Esparza 0-0: Ball
1-0: Called Strike
1-1: Ball
2-1: Ball
3-1: Called Strike
3-2: Base on Balls
Batting: SHB Steve Ramsey 0-0: Ball
Edwin Esparza steals 2nd base
1-0: Ball
2-0: Ball
3-0: Called Strike
3-1: Base on Balls
Batting: RHB Cedric Nicholls 0-0: Ball
1-0: Ball
2-0: Swinging Strike
2-1: Foul Ball, location: 2F
2-2: Foul Ball, location: 2F
2-2: Ball
3-2: Strikes out swinging
Batting: RHB Carlos Murillo 0-0: Ball
1-0: Swinging Strike
1-1: Fly out, F4 (Line Drive, 4, EV 71.2 MPH)
Batting: RHB Cormackle Poohdatoot 0-0: Called Strike
0-1: Foul Ball, location: 2F
0-2: Foul Ball, location: 2F
0-2: Foul Ball, location: 2F
0-2: Hit by Pitch
Edwin Esparza to third
Steve Ramsey to second
Batting: LHB Jessie Stewart 0-0: Called Strike
0-1: Fly out, F8 (Flyball, 8LD, EV 105.6 MPH)
Bottom of the 1st over - 0 runs, 0 hits, 0 errors, 3 left on base; Niagara Falls 0 - London 0
TOP OF THE 2ND
Niagara Falls Phantoms batting - Pitching for London Majors : LHP Raul Pimentel
Batting: RHB Bailey Hays 0-0: Foul Ball, location: 2F
0-1: Called Strike
0-2: Ball
1-2: Ball
2-2: Fly out, F9 (Flyball, 89S, EV 95.0 MPH)
Batting: RHB Jim O'Dwyer 0-0: Ball
1-0: Fly out, F9 (Flyball, 9, EV 87.5 MPH)
Batting: LHB Victor Reyna 0-0: Foul Ball, location: 2F
0-1: Called Strike
0-2: Strikes out looking
Top of the 2nd over - 0 runs, 0 hits, 0 errors, 0 left on base; Niagara Falls 0 - London 0
BOTTOM OF THE 2ND
London Majors batting - Pitching for Niagara Falls Phantoms : RHP Toshikazu Miyahara
Batting: RHB Lewis O'Connell 0-0: Bunt missed!
0-1: Foul Ball, location: 2F
0-2: Ball
1-2: Ball
2-2: Strikes out looking
Batting: RHB Frank Pinksen 0-0: Ball
1-0: Ball
2-0: Called Strike
2-1: Ball
3-1: SINGLE (Line Drive, 9S, EV 89.4 MPH)
Batting: RHB Jerry Perez 0-0: Swinging Strike
0-1: Swinging Strike
0-2: Ball
1-2: Strikes out swinging
Batting: LHB Edwin Esparza 0-0: Ball
1-0: Called Strike
1-1: Foul Ball, location: 2F
1-2: Ball
2-2: Ball
3-2: 2-RUN HOME RUN (Flyball, 9D, EV 101.2 MPH), Distance : 397 ft
Batting: SHB Steve Ramsey 0-0: Called Strike
0-1: Foul Ball, location: 2F
0-2: Foul Ball, location: 2F
0-2: Ball
1-2: Strikes out swinging, 2-3 out at first.
Bottom of the 2nd over - 2 runs, 2 hits, 0 errors, 0 left on base; Niagara Falls 0 - London 2
TOP OF THE 3RD
Niagara Falls Phantoms batting - Pitching for London Majors : LHP Raul Pimentel
Batting: LHB Dave Ortiz 0-0: Hit by Pitch
Batting: RHB Juan Perez 0-0: Fly out, F6 (Popup, 6M, EV 76.2 MPH)
Batting: RHB Alfredo Mendez 0-0: Ball
1-0: Grounds into double play, 6-4-3 (Groundball, 6S, EV 86.9 MPH)
Top of the 3rd over - 0 runs, 0 hits, 0 errors, 0 left on base; Niagara Falls 0 - London 2
BOTTOM OF THE 3RD
London Majors batting - Pitching for Niagara Falls Phantoms : RHP Toshikazu Miyahara
Batting: RHB Cedric Nicholls 0-0: Called Strike
0-1: Ball
1-1: Ball
2-1: Ball
3-1: Hit by Pitch
Batting: RHB Carlos Murillo 0-0: Ball
1-0: Ground out 5-3 (Groundball, 56S, EV 66.9 MPH)
Cedric Nicholls to second
Batting: RHB Cormackle Poohdatoot 0-0: Foul Ball, location: 2F
0-1: Foul Ball, location: 2F
0-2: Ball
1-2: Fly out, F7 (Line Drive, 7, EV 98.8 MPH)
Batting: LHB Jessie Stewart 0-0: Ball
1-0: Called Strike
1-1: Called Strike
1-2: Ball
2-2: SINGLE (Line Drive, 89S, EV 104.4 MPH)
Cedric Nicholls to third
Batting: RHB Lewis O'Connell 0-0: Called Strike
0-1: Called Strike
0-2: Foul Ball, location: 2F
0-2: Strikes out swinging
Bottom of the 3rd over - 0 runs, 1 hit, 0 errors, 2 left on base; Niagara Falls 0 - London 2
TOP OF THE 4TH
Niagara Falls Phantoms batting - Pitching for London Majors : LHP Raul Pimentel
Batting: SHB Bruce Shelton 0-0: Ball
1-0: Called Strike
1-1: Called Strike
1-2: Ball
2-2: Fly out, F5 (Popup, 56S, EV 82.5 MPH)
Batting: RHB Jonathan Feldstein 0-0: Ball
1-0: Called Strike
1-1: Ball
2-1: Called Strike
2-2: Ball
3-2: Foul Ball, location: 2F
3-2: Foul Ball, location: 2F
3-2: Strikes out swinging
Batting: RHB Scott Cuff 0-0: Called Strike
0-1: Foul Ball, location: 2F
0-2: Strikes out swinging
Top of the 4th over - 0 runs, 0 hits, 0 errors, 0 left on base; Niagara Falls 0 - London 2
BOTTOM OF THE 4TH
London Majors batting - Pitching for Niagara Falls Phantoms : RHP Toshikazu Miyahara
Batting: RHB Frank Pinksen 0-0: Swinging Strike
0-1: Ball
1-1: Ball
2-1: Called Strike
2-2: Strikes out swinging
Batting: RHB Jerry Perez 0-0: Fly out, F9 (Line Drive, 89M, EV 106.2 MPH)
Batting: LHB Edwin Esparza 0-0: Ball
1-0: Called Strike
1-1: Foul Ball, location: 2F
1-2: Ball
2-2: Ball
3-2: Base on Balls
Batting: SHB Steve Ramsey 0-0: Ball
1-0: Fly out, F6 (Popup, 6M, EV 73.8 MPH)
Bottom of the 4th over - 0 runs, 0 hits, 0 errors, 1 left on base; Niagara Falls 0 - London 2
TOP OF THE 5TH
Niagara Falls Phantoms batting - Pitching for London Majors : LHP Raul Pimentel
Batting: RHB Bailey Hays 0-0: Called Strike
0-1: Called Strike
0-2: Foul Ball, location: 2F
0-2: Strikes out looking
Batting: RHB Jim O'Dwyer 0-0: Ball
1-0: Ball
2-0: Ball
3-0: Called Strike
3-1: Fly out, F2 (Popup, 23F, EV 78.8 MPH)
Batting: LHB Victor Reyna 0-0: Fly out, F2 (Popup, 25F, EV 90.0 MPH)
Top of the 5th over - 0 runs, 0 hits, 0 errors, 0 left on base; Niagara Falls 0 - London 2
BOTTOM OF THE 5TH
London Majors batting - Pitching for Niagara Falls Phantoms : RHP Toshikazu Miyahara
Batting: RHB Cedric Nicholls 0-0: Ball
1-0: Called Strike
1-1: Fly out, F8 (Flyball, 8LS, EV 87.5 MPH)
Batting: RHB Carlos Murillo 0-0: Ball
1-0: Ball
2-0: Ball
3-0: Called Strike
3-1: Fly out, F9 (Flyball, 89M, EV 86.2 MPH)
Batting: RHB Cormackle Poohdatoot 0-0: Called Strike
0-1: Called Strike
0-2: Strikes out swinging
Bottom of the 5th over - 0 runs, 0 hits, 0 errors, 0 left on base; Niagara Falls 0 - London 2
TOP OF THE 6TH
Niagara Falls Phantoms batting - Pitching for London Majors : LHP Raul Pimentel
Batting: LHB Dave Ortiz 0-0: Ground out 4-3 (Groundball, 34D, EV 101.2 MPH)
Batting: RHB Juan Perez 0-0: Ball
1-0: Swinging Strike
1-1: Ground out 4-3 (Groundball, 4M, EV 90.6 MPH)
Batting: RHB Alfredo Mendez 0-0: Ball
1-0: Fly out, F7 (Flyball, 7, EV 90.0 MPH)
Top of the 6th over - 0 runs, 0 hits, 0 errors, 0 left on base; Niagara Falls 0 - London 2
BOTTOM OF THE 6TH
London Majors batting - Pitching for Niagara Falls Phantoms : RHP Toshikazu Miyahara
Batting: LHB Jessie Stewart 0-0: Called Strike
0-1: Ball
1-1: Ball
2-1: Ball
3-1: Base on Balls
Batting: RHB Lewis O'Connell 0-0: Ball
Passed Ball!
Jessie Stewart to second
1-0: Intentional Walk
Batting: RHB Frank Pinksen 0-0: Grounds into double play, 1-4-3 (Groundball, 15, EV 66.2 MPH)
Jessie Stewart to third
Batting: RHB Jerry Perez 0-0: Ball
1-0: Foul Ball, location: 2F
1-1: Foul Ball, location: 2F
1-2: Strikes out swinging
Bottom of the 6th over - 0 runs, 0 hits, 0 errors, 1 left on base; Niagara Falls 0 - London 2
TOP OF THE 7TH
Niagara Falls Phantoms batting - Pitching for London Majors : LHP Raul Pimentel
Now at 1B: Joy-shan Li
Pinch Hitting: RHB Jose Villanueva 0-0: Swinging Strike
0-1: Ball
1-1: Swinging Strike
1-2: Strikes out swinging
Batting: RHB Jonathan Feldstein 0-0: Ball
1-0: Called Strike
1-1: Ball
2-1: Fly out, F7 (Flyball, 7, EV 90.0 MPH)
Batting: RHB Scott Cuff 0-0: SOLO HOME RUN (Flyball, 78XD, EV 103.8 MPH), Distance : 413 ft
Pinch Hitting: RHB Todd Wolters 0-0: Called Strike
0-1: Called Strike
0-2: Foul Ball, location: 2F
0-2: Ball
1-2: Strikes out swinging
Top of the 7th over - 1 run, 1 hit, 0 errors, 0 left on base; Niagara Falls 1 - London 2
BOTTOM OF THE 7TH
London Majors batting - Pitching for Niagara Falls Phantoms : RHP Toshikazu Miyahara
Pitching: LHP Jordan Cane
Now at 2B: Todd Wolters
Now in LF: Luis Ponce
Pinch Hitting: SHB Toby Patenaude 0-0: Ball
1-0: Foul Ball, location: 2F
1-1: Called Strike
1-2: Fly out, F8 (Flyball, 8LD, EV 103.1 MPH)
Pitching: RHP Javy Gonzalez
Batting: SHB Steve Ramsey 0-0: Called Strike
0-1: Foul Ball, location: 2F
0-2: Strikes out swinging
Batting: RHB Mel Bohorquez 0-0: Called Strike
0-1: Ball
1-1: Foul Ball, location: 2F
1-2: Strikes out swinging passed ball, reaches first!
Batting: RHB Carlos Murillo 0-0: Called Strike
0-1: Ball
1-1: Foul Ball, location: 2F
1-2: Foul Ball, location: 2F
1-2: Strikes out swinging
Bottom of the 7th over - 0 runs, 0 hits, 0 errors, 1 left on base; Niagara Falls 1 - London 2
TOP OF THE 8TH
Niagara Falls Phantoms batting - Pitching for London Majors : LHP Raul Pimentel
Now in LF: Toby Patenaude
Now in RF: Jessie Stewart
Batting: RHB Jim O'Dwyer 0-0: Called Strike
0-1: SINGLE (Groundball, 56, EV 100.6 MPH)
Batting: LHB Victor Reyna 0-0: Fielders Choice at 2nd, 4-6 (Groundball, 34, EV 88.8 MPH)
Batting: LHB Dave Ortiz 0-0: Ball
1-0: SINGLE (Line Drive, 34D, EV 106.2 MPH)
Victor Reyna to second
Batting: RHB Juan Perez 0-0: Bunted foul
0-1: Sac Bunt to 13 - play at first, batter OUT! 1-4
Victor Reyna to third
Dave Ortiz to second
Batting: RHB Alfredo Mendez 0-0: Swinging Strike
0-1: Ball
Wild Pitch!
Victor Reyna scores
Dave Ortiz to third
1-1: Swinging Strike
1-2: Ball
2-2: Ball
3-2: Foul Ball, location: 2F
3-2: Foul Ball, location: 2F
3-2: Strikes out swinging
Top of the 8th over - 1 run, 2 hits, 0 errors, 1 left on base; Niagara Falls 2 - London 2
BOTTOM OF THE 8TH
London Majors batting - Pitching for Niagara Falls Phantoms : RHP Javy Gonzalez
Pinch Hitting: SHB Joe Loveless 0-0: Ball
1-0: Swinging Strike
1-1: Foul Ball, location: 2F
1-2: Strikes out swinging
Batting: LHB Jessie Stewart 0-0: Ball
1-0: Ball
2-0: Called Strike
2-1: Foul Ball, location: 2F
2-2: Strikes out swinging
Pinch Hitting: RHB Chad Colyer 0-0: Ball
1-0: Swinging Strike
1-1: Fly out, F8 (Flyball, 8RXD, EV 80.6 MPH)
Bottom of the 8th over - 0 runs, 0 hits, 0 errors, 0 left on base; Niagara Falls 2 - London 2
TOP OF THE 9TH
Niagara Falls Phantoms batting - Pitching for London Majors : LHP Raul Pimentel
Pitching: RHP Chris Mansfield
Now at 1B: Joe Loveless
Now at SS: Hanley Hernandez
Batting: LHB Luis Ponce 0-0: Ground out 4-3 (Groundball, 4, EV 100.0 MPH)
Batting: RHB Jonathan Feldstein 0-0: Ball
1-0: Called Strike
1-1: Called Strike
1-2: Ball
2-2: SINGLE (Line Drive, 34D, EV 104.4 MPH)
Batting: RHB Scott Cuff 0-0: Ball
1-0: Swinging Strike
1-1: Foul Ball, location: 2F
1-2: Foul Ball, location: 2F
1-2: Ball
2-2: Strikes out looking
Batting: RHB Todd Wolters 0-0: Called Strike
0-1: Swinging Strike
0-2: Foul Ball, location: 2F
0-2: Ball
1-2: Ball
2-2: Foul Ball, location: 2F
2-2: Strikes out swinging
Top of the 9th over - 0 runs, 1 hit, 0 errors, 1 left on base; Niagara Falls 2 - London 2
BOTTOM OF THE 9TH
London Majors batting - Pitching for Niagara Falls Phantoms : RHP Javy Gonzalez
Pinch Hitting: RHB Brandon Williams 0-0: Called Strike
0-1: Swinging Strike
0-2: Foul Ball, location: 2F
0-2: Ball
1-2: Foul Ball, location: 2F
1-2: Strikes out looking
Pinch Hitting: SHB Mike Fermin 0-0: Fly out, F8 (Line Drive, 8RD, EV 101.9 MPH)
Batting: SHB Toby Patenaude 0-0: Ball
1-0: Ball
2-0: Foul Ball, location: 2F
2-1: Ball
3-1: Foul Ball, location: 2F
3-2: Foul Ball, location: 2F
3-2: Base on Balls
Pitching: RHP Lucas Uil
Pinch Hitting: RHB Manny Corral 0-0: Ball
1-0: Called Strike
1-1: Ball
2-1: Ball
3-1: Base on Balls
Toby Patenaude to second
Batting: RHB Mel Bohorquez 0-0: Swinging Strike
0-1: Ball
1-1: Foul Ball, location: 2F
1-2: Fly out, F4 (Popup, 4MD, EV 66.9 MPH)
Bottom of the 9th over - 0 runs, 0 hits, 0 errors, 2 left on base; Niagara Falls 2 - London 2
TOP OF THE 10TH
Niagara Falls Phantoms batting - Pitching for London Majors : RHP Chris Mansfield
Now at C: Brandon Williams
Now at 3B: Manny Corral
Now in CF: Carlos Bravo
Batting: RHB Jim O'Dwyer 0-0: Fly out, F9 (Flyball, 89S, EV 86.2 MPH)
Batting: LHB Victor Reyna 0-0: Swinging Strike
0-1: Ball
1-1: Ball
2-1: Ball
3-1: Foul Ball, location: 2F
3-2: Ground out 1-3 (Groundball, 13S, EV 71.9 MPH)
Batting: LHB Dave Ortiz 0-0: Called Strike
0-1: Swinging Strike
0-2: Ball
1-2: Strikes out swinging
Top of the 10th over - 0 runs, 0 hits, 0 errors, 0 left on base; Niagara Falls 2 - London 2
BOTTOM OF THE 10TH
London Majors batting - Pitching for Niagara Falls Phantoms : RHP Lucas Uil
Pitching: LHP Brendan Thompson
Batting: RHB Carlos Murillo 0-0: Swinging Strike
0-1: Ball
1-1: Ball
2-1: Reached on error, E6 (Groundball, 6, EV 105.6 MPH)
Batting: SHB Joe Loveless 0-0: Swinging Strike
0-1: Foul Ball, location: 2F
0-2: Strikes out swinging
Pinch Hitting: RHB Mike Vaughan 0-0: Fly out, F8 (Flyball, 8LD, EV 86.2 MPH)
Pinch Hitting: LHB Danny Hamilton 0-0: Ball
1-0: Fly out, F9 (Flyball, 9LS, EV 84.4 MPH)
Bottom of the 10th over - 0 runs, 0 hits, 1 error, 1 left on base; Niagara Falls 2 - London 2
TOP OF THE 11TH
Niagara Falls Phantoms batting - Pitching for London Majors : RHP Chris Mansfield
Pitching: RHP Josh Nelson
Now at 2B: Mike Vaughan
Now at SS: Carlos Murillo
Now in RF: Salvador Ramos
Batting: RHB Juan Perez 0-0: Ball
1-0: Called Strike
1-1: Swinging Strike
1-2: Ball
2-2: Ground out 6-3 (Groundball, 6, EV 78.1 MPH)
Batting: RHB Alfredo Mendez 0-0: Ball
1-0: Foul Ball, location: 2F
1-1: Foul Ball, location: 2F
1-2: Foul Ball, location: 2F
1-2: Foul Ball, location: 2F
1-2: Strikes out looking
Batting: LHB Luis Ponce 0-0: Ball
1-0: Called Strike
1-1: Swinging Strike
1-2: Ball
2-2: Ball
3-2: Foul Ball, location: 2F
3-2: Fly out, F7 (Flyball, 78M, EV 81.2 MPH)
Top of the 11th over - 0 runs, 0 hits, 0 errors, 0 left on base; Niagara Falls 2 - London 2
BOTTOM OF THE 11TH
London Majors batting - Pitching for Niagara Falls Phantoms : LHP Brendan Thompson
Batting: RHB Brandon Williams 0-0: Swinging Strike
0-1: Ball
1-1: Swinging Strike
1-2: Ball
2-2: Ball
3-2: Strikes out swinging
Batting: RHB Carlos Bravo 0-0: Called Strike
0-1: Ball
1-1: Ball
2-1: Ball
3-1: SINGLE (Groundball, 4D, EV 106.2 MPH)
Batting: SHB Toby Patenaude 0-0: SINGLE (Groundball, 6MD, EV 97.5 MPH)
Carlos Bravo to second
Batting: RHB Manny Corral 0-0: Ball
1-0: Ball
2-0: Ball
3-0: Base on Balls
Carlos Bravo to third
Toby Patenaude to second
Batting: RHB Mel Bohorquez 0-0: Ball
1-0: Foul Ball, location: 2F
1-1: Swinging Strike
1-2: Ball
2-2: Ball
3-2: Foul Ball, location: 2F
3-2: Base on Balls
Carlos Bravo scores
Toby Patenaude to third
Manny Corral to second
Bottom of the 11th over - 1 run, 2 hits, 0 errors, 3 left on base; Niagara Falls 2 - London 3
Tuesday, March 28th , 2023 - OOTP Baseball 23.10 Build 110